 Dungeon Crawl Stone Soup version 0.22.1-2-g9c5b331383 (webtiles) character file.

448 Peloso the Shield-Bearer (level 6, 0/53 HPs)
             Began as a Minotaur Fighter on Dec 23, 2018.
             Slain by an ogre
             ... wielding a +0 giant club
              (21 damage)
             ... on level 4 of the Dungeon.
             The game lasted 00:05:49 (3107 turns).

Peloso the Shield-Bearer (Minotaur Fighter)         Turns: 3107, Time: 00:05:50

Health: 0/53       AC: 12    Str: 21    XL:     6   Next: 73%
Magic:  5/5        EV:  4    Int:  5    God:
Gold:   182        SH: 10    Dex: 11    Spells: 5/5 levels left

rFire    . . .     SeeInvis .   a - +0 long sword
rCold    . . .     Gourm    .   c - +0 shield
rNeg     . . .     Faith    .   e - +0 plate armour
rPois    +         Spirit   .   (helmet restricted)
rElec    .         Reflect  .   (no cloak)
rCorr    .         Harm     .   (no gloves)
MR       .....                  (no boots)
Stlth    ..........             (no amulet)
HPRegen  0.17/turn              h - ring of poison resistance
MPRegen  0.09/turn              (no ring)

@: no status effects
A: retaliatory headbutt, horns 2
a: no special abilities


You were on level 4 of the Dungeon.
You were hungry.

You visited 1 branch of the dungeon, and saw 4 of its levels.

You collected 182 gold pieces.

Inventory:

Hand Weapons
 a - a +0 long sword (weapon)
Armour
 b - a +0 scale mail
 c - a +0 shield (worn)
 e - a +0 plate armour (worn)
Jewellery
 h - a ring of poison resistance (left hand)
Scrolls
 i - 2 scrolls of enchant weapon {unknown}
 k - a scroll of blinking {unknown}
 n - 4 scrolls of identify {unknown}
 p - a scroll of amnesia {unknown}
 q - 2 scrolls of remove curse {unknown}
 r - a scroll of fog {unknown}
 s - 3 scrolls of enchant armour {unknown}
 w - a scroll of immolation {unknown}
Potions
 d - 2 potions of might
 g - a potion of lignification {unknown}
 j - 2 potions of curing {unknown}
 l - a potion of brilliance {unknown}
 m - a potion of magic {unknown}
 o - a potion of haste
 t - a potion of flight {unknown}
 u - a potion of mutation {unknown}
 v - a potion of berserk rage {unknown}
Comestibles
 f - 8 rations


   Skills:
 + Level 4.5 Fighting
 + Level 5.2 Long Blades
 + Level 5.4 Armour
 + Level 0.6 Dodging
 + Level 6.0 Shields


You had 5 spell levels left.
You didn't know any spells.
Your spell library was empty.

Dungeon Overview and Level Annotations

Branches:
Dungeon (4/15)
 Temple: D:4-7

Altars:
Dithmenos
Hepliaklqana

Annotations:
D:3 3 runed doors, Rediskos's ghost, amateur GrFi


Innate Abilities, Weirdness & Mutations

You reflexively headbutt those who attack you in melee.
You have a pair of horns on your head.


Message History

There is an open door here.
You open the door.
There is an open door here.
You open the door.
There is an open door here.
A sky beast and an ogre come into view.
The ogre shouts!
There are monsters nearby!
There are monsters nearby!
There are monsters nearby!
The ogre hits you with a giant club!
The sky beast flickers out of sight!
Deactivating autopickup; reactivate with Ctrl-A.
Found a helmet.
You closely miss the ogre.
You are feeling hungry.
The ogre hits you with a giant club!!
You slash the ogre!
The ogre is heavily wounded.
The ogre hits you with a giant club!!
You die...

#
#.............#
#
#....#####'####
# #....#
#.....# #
#....#
#....#######. #
#....#
#....#[...... #
#....#
##...#......# #
#....#
#...#......#
####....#
###'##O.....#
........#
#....@......#
........#
#.....#######
........#
#.....#
........#
#.....+
####....#
#.....#
...#....#
#.....#
...#....#
#.....#
...#....#
#######
#..#....#


You could see an ogre.

Vanquished Creatures
  2 scorpions
  A hound (D:3)
  An orc wizard (D:3)
  An orc priest (D:3)
  Jessica (D:3)
  Terence (D:3)
  3 worker ants (D:4)
  A hound skeleton (D:4)
  Robin (D:2)
  A gnoll (D:1)
  An adder (D:3)
  An ooze (D:1)
  A worm (D:3)
  3 dart slugs
  2 leopard geckos
  8 orcs
  10 bats
  4 giant cockroaches
  9 hobgoblins
  3 jackals (D:1)
  2 ball pythons
  A frilled lizard (D:2)
  15 goblins
  5 kobolds
  A quokka skeleton (D:4)
  9 rats
88 creatures vanquished.

Notes
Turn   | Place    | Note
-------+----------+-------------------------------------------
     0 | D:1      | Peloso the Minotaur Fighter began the quest for the Orb.
     0 | D:1      | Reached XP level 1. HP: 19/19 MP: 0/0
    85 | D:1      | Reached XP level 2. HP: 27/27 MP: 1/1
    95 | D:1      | Reached skill level 4 in Shields
   374 | D:1      | Reached XP level 3. HP: 33/33 MP: 2/2
   728 | D:2      | Noticed Robin
   753 | D:2      | Killed Robin
   753 | D:2      | Reached XP level 4. HP: 3/40 MP: 3/3
  1098 | D:2      | Found a faded altar of an unknown god.
  1715 | D:3      | Noticed Jessica
  1716 | D:3      | Noticed Terence
  1738 | D:3      | Killed Jessica
  1743 | D:3      | Killed Terence
  1743 | D:3      | Reached XP level 5. HP: 29/46 MP: 4/4
  1817 | D:3      | Reached skill level 5 in Shields
  1836 | D:3      | Reached skill level 5 in Armour
  2053 | D:3      | Noticed Rediskos's ghost (amateur GrFi)
  2064 | D:3      | Found a runed gate.
  2064 | D:3      | Found a runed gate.
  2064 | D:3      | Found a runed gate.
  2339 | D:3      | Reached XP level 6. HP: 53/53 MP: 5/5
  2440 | D:3      | Found a shadowy altar of Dithmenos.
  2749 | D:4      | Reached skill level 5 in Long Blades
  2861 | D:4      | Found a hazy altar of Hepliaklqana.
  3045 | D:4      | Reached skill level 6 in Shields
  3104 | D:4      | Noticed a sky beast
  3107 | D:4      | Slain by an ogre

Skill      XL: |  1  2  3  4  5  6 |
---------------+-------------------+-----
Armour         | 4 5 |  5.4
Fighting       | 4 |  4.5
Shields        | 4 5 6 |  6.0
Long Blades    | 3 4 5 |  5.2
Dodging        | |  0.6

Action                   |  1- 3 |  4- 6 || total
-------------------------+-------+-------++-------
Melee: Long sword        |    92 |   175 ||   267
       Headbutt          |    14 |    33 ||    47
  Eat: Chunk             |       |     7 ||     7
Armor: Plate armour      |    85 |   114 ||   199
       Scale mail        |     1 |       ||     1
Dodge: Dodged            |     9 |    27 ||    36
Block: Shield            |    70 |   108 ||   178
       Rpst.: Long sword |     3 |     9 ||    12
